 Dungeon Crawl Stone Soup version 0.31-a0-675-g238779eb0a (webtiles) character file.

Game seed: 6038604242097993051

6105 Gargoyl the Basher (level 10, -4/64 HPs)
             Began as a Gargoyle Berserker on Sept 5, 2023.
             Was a Priest of Trog.
             Blown up by Sonja (20 damage)
             ... with a mindburst bolt
             ... on level 1 of the Lair of Beasts.
             The game lasted 00:10:05 (7313 turns).

Gargoyl the Basher (Gargoyle Berserker)             Turns: 7313, Time: 00:10:06

Health: -4/64      AC: 19    Str: 23    XL:     10   Next: 88%
Magic:  10/10      EV: 15    Int:  8    God:    Trog [***...]
Gold:   676        SH:  0    Dex: 17    Spells: 9/9 levels left

rFire   . . .        l - +8 hammer "Adeazon" {drain, Str+2 Dex+4}
rCold   . . .        (no shield)
rNeg    + . .        p - +0 steam dragon scales
rPois   ∞            r - +2 helmet
rElec   +            k - +0 cloak
rCorr   .            q - +0 pair of gloves
SInv    .            (no boots)
Will    .....        (no amulet)
Stlth   +++          (no ring)
HPRegen 0.30/turn    (no ring)
MPRegen 0.12/turn

%: no passive effects
@: on berserk cooldown, attractive, slowed, invisible, very slow
A: sickness immunity, AC +7, negative energy resistance 1, electricity
resistance, torment resistance 1, petrification resistance
a: Renounce Religion, Berserk, Trog's Hand


You were on level 1 of the Lair of Beasts.
You worshipped Trog.
Trog was most pleased with you.
You visited 2 branches of the dungeon, and saw 9 of its levels.

You collected 676 gold pieces.

Inventory:

Hand Weapons
 a - a +2 hand axe
 l - the +8 hammer "Adeazon" (weapon) {drain, Str+2 Dex+4}
   (You found it on level 2 of the Dungeon)

   Str+2:     It affects your strength (+2).
   Dex+4:     It affects your dexterity (+4).
Missiles
 u - 2 throwing nets
Armour
 k - a +0 cloak (worn)
 p - +0 steam dragon scales (worn)
 q - a +0 pair of gloves (worn)
 r - a +2 helmet (worn)
Jewellery
 s - a ring of ice
Wands
 j - a wand of flame (38)
 o - a wand of iceblast (11)
Scrolls
 b - a scroll of teleportation
 f - a scroll of fear
 t - 3 scrolls of identify
Potions
 e - a potion of attraction
 g - 4 potions of might {unknown}
 h - a potion of brilliance {unknown}
 i - 3 potions of ambrosia {unknown}
 m - 2 potions of curing {unknown}
 n - a potion of enlightenment {unknown}


   Skills:
 + Level 8.0 Fighting
 + Level 4.6(7.4) Axes
 + Level 9.8(10.4) Maces & Flails
 + Level 6.5 Armour
 + Level 6.2 Dodging
 + Level 4.5 Stealth


You had 9 spell levels left.
You didn't know any spells.
Your spell library was empty.

Dungeon Overview and Level Annotations

Branches:
Dungeon (8/15)             Temple (0/1) D:5            Lair (1/5) D:8

Altars:
Ashenzari
Elyvilon
Hepliaklqana
Nemelex Xobeh
Xom
The Shining One

Annotations:
Lair:1 Sonja


Innate Abilities, Weirdness & Mutations

You are immune to sickness and miasma.
Your stone body is resilient. (AC +7)
You are immune to poison.
You resist negative energy. (rN+)
You are resistant to electric shocks. (rElec)
You are resistant to unholy torment.
You are immune to petrification.


Message History

It was a potion of attraction.
You feel attractive to monsters.
Sonja throws a curare-tipped dart.
The curare-tipped dart hits you.
Sonja casts a spell.
Sonja blinks!
Sonja is attracted toward you.
You feel the effects of Trog's Hand fading.
Sonja zaps a wand.
You resist with almost no effort. Sonja is attracted toward you.
You hit Sonja. You drain Sonja.
Sonja is moderately wounded.
Sonja hits you with a +2 short sword of distortion.
You blink.
Sonja is attracted toward you.
You sock Sonja!
Sonja is heavily wounded.
Sonja misses you.
Sonja hits you with a +2 short sword of distortion.
Space warps horribly around you! Sonja hits you but does no damage.
Space warps around you. Sonja closely misses you.
Sonja hits you with a +2 short sword of distortion.
Space warps around you. Sonja hits you but does no damage.
The hell rat is attracted toward you.
You feel much better.
The hell rat roars deafeningly!
Sonja completely misses you. Sonja closely misses you.
Sonja hits you but does no damage. Space warps horribly around you!!
* * * LOW HITPOINT WARNING * * *
Sonja misses you. Sonja hits you but does no damage. Space warps around you.
* * * LOW HITPOINT WARNING * * *
Sonja closely misses you. The hell rat is attracted toward you.
You catch the helpless Sonja completely off-guard!
You hit Sonja but do no damage.
Sonja is heavily wounded.
Your skin stops crawling.
You feel less strong-willed.
The hell rat barely misses you. x2; Sonja zaps a wand.
Sonja is attracted toward you.
Unknown command.
You sock Sonja!
Sonja is almost dead.
Sonja zaps a wand.
Your mind is blasted!
You die...

########### ##########
#..#.#.##P########### .........#
#................... .........#
##................... .........#
#.................... .........#
##..@................ .........#
#..rK.........>......
.........#####...§..^............
.......|.........................
........†.†......................
..................######..####.##
................^.# #....# ###
..................# ##.÷#######
..................######..#P##.#P


You could see Sonja (unable to see you, drained) and a hell rat (unable to see
you).

Vanquished Creatures
  A black mamba (Lair:1)
  2 cane toads (Lair:1)
  3 komodo dragons (Lair:1)
  A wyvern (D:7)
  4 yaks (D:6)
  A basilisk (Lair:1)
  3 steam dragons
  Duvessa (D:5)
  6 water moccasins
  An orc warrior (D:5)
  A black bear (D:7)
  2 ogres (D:6)
  A centaur (D:8)
  A kobold brigand (D:6)
  2 phantoms
  2 bullfrogs
  A gnoll sergeant (D:6)
  4 scorpions
  5 wights (D:8)
  Dowan (D:5)
  A howler monkey (D:4)
  A jelly (D:5)
  Crazy Yiuf (D:2)
  An orc priest (D:5)
  4 hounds
  2 gnoll boudas
  7 iguanas
  Natasha (thrice) (D:2)
  5 hell rats (Lair:1)
  A sleepcap (D:7)
  4 orc wizards
  7 adders
  17 gnolls
  2 shadow imps
  3 white imps
  An ufetubus (D:7)
  2 worms
  2 dart slugs (D:3)
  11 orcs
  3 endoplasms
  6 giant cockroaches
  8 goblins
  5 hobgoblins
  2 quokkas
  8 ball pythons
  3 bats
  4 frilled lizards
  14 kobolds
  8 rats
179 creatures vanquished.

Notes
Turn   | Place    | Note
-------+----------+-------------------------------------------
     0 | D:1      | Gargoyl the Gargoyle Berserker began the quest for the Orb.
     0 | D:1      | Reached XP level 1. HP: 14/14 MP: 1/1
   157 | D:1      | Reached XP level 2. HP: 18/19 MP: 2/2
   934 | D:2      | Reached XP level 3. HP: 24/24 MP: 3/3
  1028 | D:2      | Noticed Natasha
  1229 | D:2      | Killed Natasha
  1230 | D:2      | Reached XP level 4. HP: 4/29 MP: 4/4
  1373 | D:2      | Reached ** piety under Trog
  1513 | D:2      | Found a runed translucent door.
  1514 | D:2      | Noticed Crazy Yiuf
  1557 | D:2      | Noticed Natasha
  1563 | D:2      | Killed Natasha
  1741 | D:2      | Noticed Natasha
  1754 | D:2      | Killed Natasha
  1755 | D:2      | Reached XP level 5. HP: 20/33 MP: 5/5
  1955 | D:2      | Killed Crazy Yiuf
  1971 | D:2      | Identified the +8 hammer "Adeazon" {drain, Str+2 Dex+4}
  2262 | D:3      | Found a white marble altar of Elyvilon.
  2273 | D:3      | Found a shimmering altar of Xom.
  2273 | D:3      | Found a sparkling altar of Nemelex Xobeh.
  2603 | D:3      | Found a broken altar of Ashenzari.
  2661 | D:4      | Noticed a phantom
  2670 | D:4      | Killed a phantom
  2671 | D:4      | Reached XP level 6. HP: 35/39 MP: 6/6
  2706 | D:4      | Reached skill level 1 in Maces & Flails
  2958 | D:4      | Reached skill level 1 in Stealth
  3216 | D:5      | Entered Level 5 of the Dungeon
  3222 | D:5      | Reached XP level 7. HP: 44/44 MP: 7/7
  3269 | D:5      | Found a staircase to the Ecumenical Temple.
  3282 | D:5      | Reached skill level 5 in Fighting
  3299 | D:5      | Reached skill level 2 in Maces & Flails
  3331 | D:5      | Noticed Dowan
  3331 | D:5      | Noticed Duvessa
  3349 | D:5      | Killed Duvessa
  3359 | D:5      | Killed Dowan
  3360 | D:5      | Reached skill level 3 in Maces & Flails
  3492 | D:5      | Reached skill level 4 in Maces & Flails
  3497 | D:5      | Reached XP level 8. HP: 33/49 MP: 8/8
  3709 | D:5      | Reached *** piety under Trog
  3729 | D:5      | Found a hazy altar of Hepliaklqana.
  4030 | D:6      | Reached skill level 5 in Maces & Flails
  4229 | D:6      | Reached skill level 5 in Armour
  4387 | D:6      | Reached skill level 6 in Maces & Flails
  4420 | D:6      | Reached XP level 9. HP: 55/55 MP: 9/9
  4478 | D:6      | Reached skill level 7 in Maces & Flails
  4604 | D:6      | Found a glowing golden altar of the Shining One.
  5531 | D:7      | Reached skill level 8 in Maces & Flails
  5550 | D:7      | Reached skill level 5 in Dodging
  5720 | D:7      | Reached XP level 10. HP: 61/61 MP: 10/10
  5989 | D:7      | Reached **** piety under Trog
  6215 | D:8      | Found a staircase to the Lair.
  6783 | Lair:1   | Entered Level 1 of the Lair of Beasts
  6860 | Lair:1   | Reached skill level 9 in Maces & Flails
  6860 | Lair:1   | Noticed a cane toad
  6862 | Lair:1   | Noticed a cane toad
  6883 | Lair:1   | Killed a cane toad
  6891 | Lair:1   | Killed a cane toad
  6967 | Lair:1   | Noticed a black mamba
  6976 | Lair:1   | Killed a black mamba
  6988 | Lair:1   | Noticed Sonja
  7313 | Lair:1   | Blown up by Sonja

Illustrated notes

Levels and vault maps discovered:
D:1:      dpeg_arrival_fog, layout_loops_corners, minmay_hedge_maze
D:2:      layout_loops_cross, uniq_crazy_yiuf_cottage, uniq_natasha
D:3:      layout_loops_ring, lemuel_round_altar, minitemple, nrook_loot_triangle
D:4:      layout_basic, minmay_manual_maat
D:5:      layout_loops_ring, mainiacjoe_overflow_brackets,
          minmay_temple_entry_junction, guppyfry_early_orc_mine, uniq_duvessa
D:6:      layout_loops_cross, tso_oasis_becter, serial_rivers,
          chequers_serial_rivers_small_a, chequers_serial_rivers_small_3,
          chequers_serial_rivers_small_3, chequers_serial_rivers_small_a
D:7:      layout_basic, hex_medium
D:8:      layout_loops_ring, dpeg_oklobed_lair
Lair:1:   layout_small_grid, uniq_sonja

Skill      XL: |  1  2  3  4  5  6  7  8  9 10 |
---------------+-------------------------------+-----
Axes           | 3 4 |  4.6
Fighting       | 4 5 6 8 |  8.0
Dodging        | 2 3 4 5 6 |  6.2
Armour         | 3 4 5 6 |  6.5
Maces & Flails | 1 4 6 8 9 |  9.8
Stealth        | 1 3 4 |  4.5

Action                     |  1- 3 |  4- 6 |  7- 9 | 10-12 || total
---------------------------+-------+-------+-------+-------++-------
  Melee: Hand axe          |   151 |    27 |       |     8 ||   186
         Punch             |     4 |       |     2 |     1 ||     7
         Mace              |       |    68 |   221 |   127 ||   416
 Invoke: Berserk           |     2 |     3 |     3 |     2 ||    10
         Trog's Hand       |       |     2 |     4 |     5 ||    11
  Evoke: Wand              |       |       |       |     1 ||     1
    Use: Scroll            |     4 |     1 |     2 |     7 ||    14
         Potion            |       |       |       |     4 ||     4
   Stab: Sleeping          |       |       |     3 |     1 ||     4
         Invisible         |       |       |       |     1 ||     1
 Armour: Animal skin       |    55 |       |       |       ||    55
         Ring mail         |    26 |   102 |    94 |       ||   222
         Steam dragon scal |       |       |    54 |    92 ||   146
  Dodge: Dodged            |    94 |    87 |   147 |   122 ||   450

Table legend: (Time is in decaauts)
 A = Elapsed time spent in this place.
 B = Non-inter-level travel time spent in this place.
 C = Inter-level travel time spent in this place.
 D = Time resting spent in this place.
 E = Time spent auto-exploring this place.
 F = Levels seen in this place.
 G = Mean time per level.
                   A        B        C        D        E       F      G
               +--------+--------+--------+--------+--------+-----+--------+
         Total |   7458 |   7228 |    230 |    459 |   4951 |   9 |  828.7 |
       Dungeon |   6927 |   6697 |    230 |    299 |   4795 |   8 |  865.9 |
          Lair |    530 |    530 |      0 |    160 |    156 |   1 |  530.0 |
               +--------+--------+--------+--------+--------+-----+--------+

Top non-repeatable levels by time:
     D:2: 1185 daAuts
     D:6: 1105 daAuts
     D:7: 1044 daAuts
     D:1: 884 daAuts
     D:5: 840 daAuts
     D:3: 642 daAuts
     D:8: 638 daAuts
     D:4: 585 daAuts
  Lair:1: 530 daAuts
